 Dungeon Crawl Stone Soup version 0.19.5 (webtiles) character file.

775 equalderp2856 the Gouger (level 7, -4/32 HPs)
             Began as a Felid Fighter on Mar 13, 2017.
             Killed by divine providence
             ... invoked by an orc priest
              (13 damage)
             ... on level 7 of the Dungeon.
             The game lasted 00:18:37 (7610 turns).

equalderp2856 the Gouger (Felid Fighter)            Turns: 7610, Time: 00:18:38

Health: -4/32      AC:  2    Str: 13    XL:     7   Next: 54%
Magic:  9/9        EV: 23    Int: 10    God:
Gold:   259        SH:  0    Dex: 16    Spells: 0 memorised, 6 levels left
                                        Lives:  0   Deaths: 2

rFire  . . .     SeeInvis +       - Unarmed
rCold  . . .     Gourm    .     (armour unavailable)
rNeg   . . .     Faith    .     (shield unavailable)
rPois  .         Spirit   .     (helmet unavailable)
rElec  .         Reflect  .     (cloak unavailable)
rCorr  .         Harm     .     (gloves unavailable)
MR     +....                    (boots unavailable)
Stlth  ++++......               (no amulet)
                                (no ring)
                                (no ring)

@: quick
A: no armour, no weapons or thrown items, stealth, claws 1, fangs 3, see
invisible, carnivore 3, speed 1, shaggy fur 2, slow metabolism 1, sharp paws
a: no special abilities


You were on level 7 of the Dungeon.
You were not hungry.

You visited 1 branch of the dungeon, and saw 7 of its levels.

You collected 259 gold pieces.

Inventory:

Missiles
 k - 106 arrows
Jewellery
 a - an uncursed ring of wizardry {unknown}
 d - a +2 ring of intelligence {unknown}
 l - an uncursed ring of protection from fire {unknown}
Wands
 n - a wand of flame (0/48)
 p - a wand of polymorph (12/24)
 r - a wand of iceblast (9/15)
Scrolls
 c - a scroll of teleportation
 e - a scroll of amnesia
 f - a scroll of remove curse
 t - a scroll of enchant weapon {unknown}
 u - a scroll of immolation {unknown}
Potions
 g - a potion of agility {unknown}
 h - 2 potions of brilliance
 j - 2 potions of haste {unknown}
 o - 2 potions of degeneration {unknown}
 q - a potion of cure mutation {unknown}
 s - a potion of resistance {unknown}
 v - a potion of heal wounds
Books
 i - a book of Maledictions

   Spells                             Type                      Level
   a - Corona                         Hexes                        1
   b - Ensorcelled Hibernation        Hexes/Ice                    2
   c - Confuse                        Hexes                        3
   d - Tukima's Dance                 Hexes                        3
   e - Dazzling Spray                 Conjuration/Hexes            3
Comestibles
 b - a meat ration
 m - 2 beef jerkies


   Skills:
 + Level 4.2 Fighting
 + Level 7.8 Dodging
 + Level 6.6 Stealth
 + Level 9.1 Unarmed Combat
 + Level 2.2 Evocations


You had 6 spell levels left.
You didn't know any spells.

Dungeon Overview and Level Annotations

Branches:
Dungeon (7/15)             Temple (0/1) D:6

Altars:

Shops:
D:4 ?   D:5 *[[

Annotations:
D:3 Sigmund
D:5 Eustachio


Innate Abilities, Weirdness & Mutations

You cannot wear armour.
You are incapable of wielding weapons or throwing items.
Your paws allow you to move quietly. (Stealth)
You have sharp claws.
You have razor-sharp teeth.
You have supernaturally acute eyesight. (SInv)
You are carnivorous and can eat meat at any time.
You cover ground quickly.
You are covered in thick fur. (AC +2)
You have a slow metabolism.
Your sharp claws are effective at attacking unaware monsters.


Message History

The orc misses you.
The orc priest looks encouraged for a moment.
The orc priest calls down the wrath of Beogh upon you.
Beogh smites you!
* * * LOW HITPOINT WARNING * * *
There is an open door here.
You closely miss the orc. The orc completely misses you.
The orc priest miscasts a cantrip.
There is an open door here.
You claw the orc!
You kill the orc!
You scratch the orc but do no damage. The orc completely misses you.
You claw the orc!
The orc is almost dead.
You scratch the orc.
You kill the orc!
The orc priest invokes the aid of Beogh against you.
Beogh smites you!
You die...

#.....##+# .............
#.....+..# .............
#.....#..#########'#....
#.....#............#....
###.....#............#....
........#..##..#######....
.......o#..###### #.<..
........)[......# #....
........#@......# #....
+##.....#.......# #....
#..o..######### #....
#...... #.... #....o..
#.... +........ +....
#......o.. #..........
...####.....


You could see an orc priest.

Vanquished Creatures
  Prince Ribbit (D:5)
  Duvessa (D:4)
  An orc warrior (D:5)
  A sky beast (D:5)
  2 ogres (D:5)
  4 centaurs
  A bullfrog (D:5)
  Dowan (D:5)
  2 crimson imps (D:6)
  3 hounds
  4 orc priests
  5 orc wizards
  4 worker ants
  A hound skeleton (D:4)
  3 gnolls (D:2)
  6 adders
  A shadow imp (D:6)
  An ooze (D:1)
  An adder skeleton (D:5)
  A worm (D:3)
  2 dart slugs
  5 leopard geckos
  23 orcs
  2 ball pythons
  6 bats
  3 giant cockroaches
  2 hobgoblins
  6 jackals
  4 kobolds
  6 quokkas
  4 frilled lizards
  5 goblins
  5 rats
117 creatures vanquished.

Notes
Turn   | Place    | Note
-------+----------+-------------------------------------------
     0 | D:1      | equalderp2856 the Felid Fighter began the quest for the Orb.
     0 | D:1      | Reached XP level 1. HP: 10/10 MP: 2/2
   143 | D:1      | Reached XP level 2. HP: 13/14 MP: 3/3
   773 | D:1      | Reached XP level 3. HP: 16/17 MP: 4/4
  1340 | D:3      | Reached skill level 1 in Stealth
  1482 | D:3      | Noticed Sigmund
  1704 | D:2      | Reached XP level 4. HP: 15/21 MP: 5/5
  2352 | D:3      | Reached skill level 5 in Unarmed Combat
  2961 | D:2      | Reached XP level 5. HP: 22/24 MP: 6/6
  3310 | D:4      | Found Jelagame's Magic Scroll Shoppe.
  3651 | D:4      | Reached skill level 5 in Dodging
  3651 | D:4      | Reached skill level 6 in Unarmed Combat
  3687 | D:4      | Gained mutation: You are covered in thick fur. (AC +2) [Felid growth]
  3687 | D:4      | Reached XP level 6. HP: 20/28 MP: 7/7
  4778 | D:5      | Entered Level 5 of the Dungeon
  4778 | D:5      | Found Ypsymoik's Antique Armour Boutique.
  4778 | D:5      | Found Fouxkauj's Armour Boutique.
  4778 | D:5      | Noticed a sky beast
  4784 | D:5      | Killed a sky beast
  4784 | D:5      | Reached XP level 7. HP: 31/31 MP: 8/8
  4814 | D:5      | Noticed Dowan
  4848 | D:5      | Killed Dowan
  4848 | D:5      | Reached skill level 7 in Unarmed Combat
  4875 | D:5      | Noticed Duvessa
  4915 | D:4      | Mangled by Duvessa
  4916 | D:4      | Reached XP level 6. HP: -8/28 MP: 7/7
  4963 | D:4      | Killed Duvessa
  5002 | D:5      | Noticed Prince Ribbit
  5248 | D:5      | Killed Prince Ribbit
  5248 | D:5      | Reached skill level 1 in Evocations
  5248 | D:5      | Reached XP level 7. HP: 16/31 MP: 8/8
  5587 | D:5      | Reached skill level 5 in Stealth
  5605 | D:5      | Noticed Eustachio
  5691 | D:5      | Reached skill level 8 in Unarmed Combat
  5893 | D:5      | Found Napsys's Assorted Antiques.
  6804 | D:5      | Reached XP level 8. HP: 36/36 MP: 9/9
  7436 | D:6      | Reached skill level 9 in Unarmed Combat
  7481 | D:6      | Found a staircase to the Ecumenical Temple.
  7532 | D:6      | Killed from afar by an orc wizard
  7533 | D:6      | Reached XP level 7. HP: 0/32 MP: 9/9
  7610 | D:7      | Killed from afar by an orc priest

Skill      XL: |  1  2  3  4  5  6  7  8 |
---------------+-------------------------+-----
Stealth        | 1 3 4 5 6 |  6.6
Unarmed Combat | 5 6 8 9 |  9.1
Dodging        | 5 6 7 |  7.8
Evocations     | 1 2 |  2.2
Fighting       | 4 |  4.2

Action                   |  1- 3 |  4- 6 |  7- 9 || total
-------------------------+-------+-------+-------++-------
Melee: Unarmed           |    74 |   141 |   123 ||   338
       Bite              |    12 |     9 |    10 ||    31
       Punch             |     2 |     1 |     7 ||    10
Evoke: Wand              |       |     8 |     9 ||    17
  Use: Potion            |     1 |       |     2 ||     3
       Scroll            |       |       |     7 ||     7
 Stab: Sleeping          |     4 |     7 |     3 ||    14
       Distracted        |       |       |     2 ||     2
  Eat: Chunk             |     2 |    11 |     7 ||    20
Armor: Skin              |     1 |     5 |     3 ||     9
Dodge: Dodged            |    61 |   108 |    80 ||   249
